 Dungeon Crawl Stone Soup version 0.28-a0-245-g639a1a48b9 (webtiles) character file.

Game seed: 4670976155981940437

109 theanonym the Cutter (level 4, -2/33 HPs)
             Began as a Mummy Enchanter on Aug 24, 2021.
             Killed from afar by an orc wizard (3 damage)
             ... with a magic dart
             ... on level 4 of the Dungeon.
             The game lasted 00:03:16 (3687 turns).

theanonym the Cutter (Mummy Enchanter)              Turns: 3687, Time: 00:03:17

Health: -2/33      AC:  6    Str: 12    XL:     4   Next: 60%
Magic:  8/8        EV: 10    Int: 14    God:
Gold:   192        SH:  0    Dex: 18    Spells: 8/8 levels left

rFire   x . .      SeeInvis .   a - +1 short sword (vamp)
rCold   + + .      Faith    .   (no shield)
rNeg    + + +      Spirit   .   g - +0 ring mail
rPois   ∞          Reflect  .   (no helmet)
rElec   .          Harm     .   (no cloak)
rCorr   .          Rampage  .   d - +0 pair of gloves
Will    .....                   (no boots)
Stlth   ++........              (no amulet)
HPRegen 0.11/turn               f - ring of protection from cold
MPRegen 0.11/turn               c - +6 ring of dexterity

@: no status effects
A: cold resistance 1, negative energy resistance 3, torment resistance 2, heat
vulnerability 1, no potions
a: no special abilities


Innate Abilities, Weirdness & Mutations

You are immune to poison.
Your flesh is cold resistant. (rC+)
You are immune to negative energy. (rN+++)
You are immune to unholy pain and torment.
You are vulnerable to heat. (rF-)
You do not drink.


   Skills:
 + Level 2.2 Fighting
 * Level 3.0 Short Blades
 - Level 1.5 Dodging
 - Level 2.4 Stealth
 - Level 2.6 Spellcasting
 - Level 2.6 Hexes


You had 8 spell levels left.
You didn't know any spells.
Your spell library contained the following spells:

 Spells                   Type           Power      Damage    Failure   Level
 Ensorcelled Hibernation  Hex/Ice        10%        N/A       41%         2
 Animate Skeleton         Necr           2%         N/A       45%         1
 Pain                     Necr           4%         1d4       45%         1
 Confusing Touch          Hex            9%         N/A       45%         3
 Tukima's Dance           Hex            9%         N/A       45%         3
 Dazzling Flash           Conj/Hex       10%        N/A       65%         3
 Vampiric Draining        Necr           0%         2d6       83%         3

Skill      XL: |  1  2  3  4 |
---------------+-------------+-----
Short Blades   | 1 2 3 |  3.0
Fighting       | 1 2 |  2.2
Dodging        | |  1.5
Stealth        | |  2.4
Spellcasting   | |  2.6
Hexes          | |  2.6

Action                   |  1- 3 |  4- 6 || total
-------------------------+-------+-------++-------
Melee: Dagger            |    24 |       ||    24
       Short sword       |   196 |    70 ||   266
  Use: Scroll            |       |     1 ||     1
 Stab: Sleeping          |     4 |     1 ||     5
Armor: Robe              |    12 |       ||    12
       Ring mail         |    39 |    23 ||    62
       Leather armour    |     6 |       ||     6
Dodge: Dodged            |   113 |    34 ||   147

Inventory:

Hand Weapons
 a - a +1 vampiric short sword (weapon)
Armour
 d - a +0 pair of gloves (worn)
 g - a +0 ring mail (worn)
Jewellery
 c - a +6 ring of dexterity (right hand)
 f - a ring of protection from cold (left hand)
Scrolls
 b - a scroll of immolation {unknown}
 h - 2 scrolls of amnesia
 j - a scroll of fog {unknown}
 r - 3 scrolls of identify


You were on level 4 of the Dungeon.
You visited 1 branch of the dungeon, and saw 4 of its levels.

You collected 192 gold pieces.

Dungeon Overview and Level Annotations

Branches:
Dungeon (4/15)
 Temple: D:4-7

Altars:

Shops:
D:2

( ###. #.. #...## ...
.##..... .. ..........
.....#. . . .... #.#.
##{####.### ...#).@.......
#.##.##.####.### #..
.............# . #..#
#.##.#.......#### . #..#
##.#........... ..#..#
.#...........### ..#..#
.#......###..... .....#
.#......###..#####
.....####.##.###..........#


There were no monsters in sight!

Notes
Turn   | Place    | Note
-------+----------+-------------------------------------------
     0 | D:1      | theanonym the Mummy Enchanter began the quest for the Orb.
     0 | D:1      | Reached XP level 1. HP: 13/13 MP: 4/4
     3 | D:1      | Noticed an electric eel
     4 | D:1      | Noticed an electric eel
    29 | D:1      | Reached skill level 1 in Short Blades
    45 | D:1      | HP: 7/14 [kobold (1)]
   104 | D:1      | HP: 6/14 [dart slug/slug dart (3)]
   107 | D:1      | Reached XP level 2. HP: 9/20 MP: 5/5
   327 | D:1      | You fall into a shaft and drop 1 floor!
   534 | D:1      | Reached skill level 1 in Fighting
   803 | D:1      | Found a faded altar of an unknown god.
  1109 | D:1      | Reached skill level 2 in Short Blades
  1402 | D:2      | HP: 9/21 [worm (2)]
  1405 | D:2      | Reached XP level 3. HP: 11/26 MP: 7/7
  1652 | D:2      | HP: 12/26 [adder (4)]
  2090 | D:2      | Found Zihaan's Antique Weapon Emporium.
  2712 | D:3      | HP: 10/27 [orc (4)]
  3157 | D:3      | Reached skill level 2 in Fighting
  3157 | D:3      | Reached XP level 4. HP: 33/33 MP: 8/8
  3622 | D:4      | Reached skill level 3 in Short Blades
  3676 | D:4      | HP: 16/33 [something (4)]
  3679 | D:4      | HP: 7/33 [something/magic dart (7)]
  3684 | D:4      | HP: 3/33 [something (2)]
  3686 | D:4      | HP: 1/33 [something (2)]
  3687 | D:4      | Killed from afar by an orc wizard

Vanquished Creatures
  3 adders
  2 worms (D:2)
  2 dart slugs
  9 orcs
  A ball python (D:1)
  4 bats
  4 endoplasms
  A giant cockroach (D:1)
  4 goblins
  4 hobgoblins
  8 jackals
  7 kobolds
  A quokka (D:2)
  2 frilled lizards
  8 rats
60 creatures vanquished.

Table legend: (Time is in decaauts)
 A = Elapsed time spent in this place.
 B = Non-inter-level travel time spent in this place.
 C = Inter-level travel time spent in this place.
 D = Time resting spent in this place.
 E = Time spent auto-exploring this place.
 F = Levels seen in this place.
 G = Mean time per level.
                   A        B        C        D        E       F      G
               +--------+--------+--------+--------+--------+-----+--------+
         Total |   3682 |   3585 |     97 |   1041 |   1979 |   4 |  920.5 |
       Dungeon |   3682 |   3585 |     97 |   1041 |   1979 |   4 |  920.5 |
               +--------+--------+--------+--------+--------+-----+--------+

Top non-repeatable levels by time:
     D:2: 1538 daAuts
     D:3: 1026 daAuts
     D:1: 1019 daAuts
     D:4: 98 daAuts
